Unix NetHack Version 5.0.0-0 post-release - last build May 23 2026 06:08:33 (1c0ff79ee797540d5714e4e18072db0edd9e58ae,branch:main).

Game began 2026-05-23 10:15:33, ended 2026-05-23 13:19:14.

Atomicjoy, chaotic male elven Wizard

                                           -----------
                                          #....(<....|
        ----------                        #|.........|
        |.........##################     ##|.........|
        |.>......|                 ###   # |..........         .......
        |........+                   ######..........|
        |........|                      ## -----------
        -.---.----
         @ #[#
        #Z##
         ##
     ----Z---
     |...%^.|
     |......|
     -..^^..|
  |......----
  |......
  |......
  -------

Atomicjoy the Thaumaturge  St:6 Dx:11 Co:16 In:18 Wi:8 Ch:9  Chaotic
Dlvl:10 $:200 HP:0(48) Pw:17(53) AC:5  Xp:6 T:3722  Burdened

Latest messages:
 The elf mummy resists!
 The elf mummy hits!
 The elf mummy hits!
 In what direction? 6
 The spell hits the elf mummy!
 You destroy the elf mummy!
 The horse picks up a mummy wrapping.
 The horse drops a mummy wrapping.
 You swap places with your horse.
 A dwarf zombie claws itself out of the ground!
 The giant zombie rises from the dead!
 The dwarf zombie rises from the dead!
 The horse hits the dwarf zombie.
 The horse bites the dwarf zombie.
 The dwarf zombie hits the horse.
 The horse misses the dwarf zombie.
 The horse bites the dwarf zombie.
 An orc zombie claws itself out of the ground!
 An ettin zombie claws itself out of the ground!
 You hear scratching noises.
 You hear some noises in the distance.
 You hear some noises.
 It hits the orc zombie.
 It misses the orc zombie.
 The orc zombie hits it.
 It misses the orc zombie.
 It bites the orc zombie.
 You hear scratching noises.
 You hear some noises in the distance.
 In what direction? 2
 The spell hits the giant zombie!
 The spell hits the dwarf zombie!
 You destroy the dwarf zombie!
 The spell hits the dwarf zombie!
 The giant zombie hits!
 The giant zombie hits again!
 In what direction? 2
 The spell misses the giant zombie.
 The spell hits the dwarf zombie!
 You destroy the dwarf zombie!
 The giant zombie hits!
 The giant zombie hits again!
 It hits the dwarf zombie.
 It bites the dwarf zombie.
 The dwarf zombie misses it.
 The giant zombie hits!
 The giant zombie hits again!
 You die...
 Do you want your possessions identified? [ynq] (y) y
 Do you want to see your attributes? [ynq] (y) q

Inventory:
 Coins    ('$')
  $ - 200 gold pieces
 Weapons  (')')
  t - a cursed +0 dagger
  S - a +0 knife
  I - a blessed +0 bullwhip
  a - a blessed +1 quarterstaff (weapon in hands)
 Armor    ('[')
  J - an uncursed +0 dwarvish iron helm (being worn)
  W - an uncursed +0 pair of iron shoes (being worn)
  b - an uncursed +0 cloak of magic resistance (being worn)
  X - an uncursed +0 dwarvish cloak
  P - an uncursed +0 elven mithril-coat
 Comestibles  ('%')
  U - an uncursed food ration
  z - 2 uncursed tins of dried yellow mold
 Scrolls  ('?')
  y - an uncursed scroll of blank paper
  k - an uncursed scroll of confuse monster
  V - an uncursed scroll of destroy armor
  i - an uncursed scroll of enchant armor
  p - a cursed scroll of enchant armor
  j - an uncursed scroll of light
  x - a cursed scroll of light named C
 Potions  ('!')
  f - an uncursed potion of blindness
  v - 2 uncursed potions of gain ability
  r - a blessed potion of gain energy
  Q - an uncursed potion of gain energy
  s - 6 uncursed potions of healing
  A - 2 cursed potions of healing
  w - an uncursed potion of object detection
  g - an uncursed potion of oil
  q - an uncursed potion of see invisible
  h - a blessed potion of sleeping
 Rings    ('=')
  L - a cursed ring of conflict
  N - a cursed -1 ring of gain constitution
  e - an uncursed ring of regeneration
  d - an uncursed ring of slow digestion (on right hand)
 Wands    ('/')
  c - a wand of light (0:13)
  C - a wand of light (0:13)
  m - a wand of locking (0:6)
  T - a wand of secret door detection (0:10)
 Tools    ('(')
  M - a bag of tricks (0:3)
  o - an uncursed tooled horn
  F - an uncursed blindfold
  E - an uncursed leash
  D - an uncursed lock pick
  n - a magic marker (0:20)
  G - an uncursed skeleton key
  H - an uncursed tallow candle
  O - an uncursed towel
 Gems/Stones  ('*')
  Y - an uncursed amethyst stone
  K - an uncursed worthless piece of black glass

Atomicjoy the Wizard's attributes:

Background:
 You were a Thaumaturge, a level 6 male elven Wizard.
 You were chaotic, on a mission for Anhur
 who was opposed by Ptah (lawful) and Thoth (neutral).
 You were right-handed.
 You were in the Dungeons of Doom, on level 10.
 You entered the dungeon 3722 turns ago.
 You had 617 experience points, 23 more were needed to attain level 7.

Basics:
 You had 0 out of 48 hit points.
 You had 17 out of 53 energy points (spell power).
 Your armor class was 5.
 Your wallet contained 200 zorkmids.
 Autopickup was off.

Final Characteristics:
 Your strength was 6 (peak:14, limit:18).
 Your dexterity was 11 (limit:18).
 Your constitution was 16 (limit:16).
 Your intelligence was 18 (limit:20).
 Your wisdom was 8 (limit:20).
 Your charisma was 9 (limit:18).

Final Status:
 You weren't hungry.
 You were burdened; movement was slightly slowed.
 You were wielding a quarterstaff.
 You had basic skill with quarterstaff.

Final Attributes:
 You were piously aligned.
 You were magic-protected.
 You were sleep resistant.
 You had infravision.
 You had slower digestion.
 You were warded.
 You are dead.

Miscellaneous:
 You didn't encounter any bones levels.
 Total elapsed playing time was 2 hours, 28 minutes and 16 seconds.

Major events:
 Turn
    1: Atomicjoy the chaotic male elven Wizard entered the dungeon
  988: attained the rank of Conjurer (level 3)
 2824: attained the rank of Thaumaturge (level 6)
 2917: consulted the Oracle
 3722: killed by a giant zombie

Spells:
 Name                 Level Category     Fail Retention
 force bolt             1   attack         0%   81%-90%
 light                  1   divination     0%  76%-100%
 haste self             3   escape        84%  76%-100%
 jumping                1   escape         0%  76%-100%
 healing                1   healing        0%  76%-100%

Skills:
 Fighting Skills
   bare handed combat [Unskilled]
   riding             [Unskilled]
 Weapon Skills
   dagger             [Unskilled]
   knife              [Unskilled]
   axe                [Unskilled]
   short sword        [Unskilled]
   club               [Unskilled]
   mace               [Unskilled]
   quarterstaff       [Basic]
   polearms           [Unskilled]
   spear              [Unskilled]
   trident            [Unskilled]
   sling              [Unskilled]
   dart               [Unskilled]
   shuriken           [Unskilled]
 Spellcasting Skills
   attack spells      [Basic]
   healing spells     [Unskilled]
   divination spells  [Unskilled]
   enchantment spells [Basic]
   clerical spells    [Unskilled]
   escape spells      [Unskilled]
   matter spells      [Unskilled]

Voluntary challenges:
 Character rerolling was not enabled.
 You never genocided any monsters.
 You never polymorphed an object.
 You never changed form.
 You used no wishes.
Achievements:
 You entered a shop.
 You attained the rank of Conjurer.
 You attained the rank of Thaumaturge.
 You consulted the Oracle of Delphi.

 The Dungeons of Doom: levels 1 to 10
    Level 1:
       A fountain.
    Level 2:
    Level 3:
       A fountain.
    Level 4:
       A tool shop.
    Level 5:
       A fountain.
    Level 6:
    Level 7:
    Level 8:
       A fountain.
    Level 9:
       Many fountains.
       Oracle of Delphi.
    Level 10: <- You were here.
       Final resting place for
          you, killed by a giant zombie.


Vanquished creatures:
 an elf mummy
  a leprechaun
  a giant spider
  a brown pudding
  a dingo
  a dwarf leader
  a raven
 an ape
  2 human zombies
  2 water nymphs
 an orc shaman
  2 rock piercers
  a shrieker
  a gnomish wizard
  a kobold mummy
  2 elf zombies
  a ghoul
  a baby crocodile
  a kitten
  a dwarf
  a kobold shaman
  a centipede
  a giant bat
 an orc zombie
  2 dwarf zombies
  2 iguanas
  4 killer bees
  a gas spore
  a hobbit
  a hobgoblin
  a brown mold
  a red mold
  2 garter snakes
  a gnome zombie
  7 geckos
  3 jackals
  a sewer rat
  2 grid bugs
  a bat
  4 lichens
  4 newts
66 creatures vanquished.

No species were genocided or became extinct.

Game over:
                       ----------
                      /          \
                     /    REST    \
                    /      IN      \
                   /     PEACE      \
                  /                  \
                  |    Atomicjoy     |
                  |      200 Au      |
                  |   killed by a    |
                  |   giant zombie   |
                  |                  |
                  |                  |
                  |       2026       |
                 *|     *  *  *      | *
        _________)/\\_//(\/(/\)/\//\/|_)_______

Goodbye Atomicjoy the Wizard...

You died in The Dungeons of Doom on dungeon level 10 with 3119 points,
and 200 pieces of gold, after 3722 moves.
You were level 6 with a maximum of 48 hit points when you died.

